AoeStats
← DS_Kvothe

Arabia

510615713Analyzed
1v1 RM · 15h ago on Oct 1, 2026· 43m 49s· 2 players
Game mode
Random Map
Map size
Tiny (2 player)
Population
200
Speed
Normal
Resources
Standard
Victory
Conquest
Starting age
Dark Age
Ending age
Imperial Age
RankedLock teamsTeams togetherTeam positionsShared explorationLock speedFull tech treeHidden civsTurbo modeCheats
Victory
Defeat
🇦🇷 Jurchens · Argentina
1854
+9
🇹🇷 Tatars · Türkiye
1701
-9
TulparFYNH
7:31 Loom
10:05 Feudal Age
15:12 Castle Age
13:27 Double-Bit Axe
13:42 Horse Collar
16:11 Bow Saw
20:36 Heavy Plow
23:23 Wheelbarrow
24:01 Fletching
24:39 Padded Archer Armor
25:02 Bodkin Arrow
29:36 Imperial Age
28:54 Leather Archer Armor
29:45 Ballistics
29:29 Husbandry
29:40 Bloodlines
30:21 Bracer
31:22 Chemistry
31:51 Gold Mining
31:52 Stone Mining
34:21 Ring Archer Armor
33:13 Heavy Cavalry Archer
35:51 Crop Rotation
36:14 Conscription
43:06 Scale Barding Armor
DS_Kvothe
8:10 Loom
10:19 Feudal Age
15:30 Town Watch
18:16 Castle Age
17:41 Double-Bit Axe
17:37 Horse Collar
17:48 Gold Mining
18:40 Fishing Lines
19:27 Bow Saw
27:25 Elite Skirmisher
29:22 Town Patrol
30:24 Wheelbarrow
33:01 Imperial Age
32:01 Ballistics
33:06 Scale Barding Armor
33:37 Fletching
34:58 Chemistry
34:18 Padded Archer Armor
34:43 Siege Engineers
35:42 Leather Archer Armor
35:22 Bodkin Arrow
36:17 Leather Archer Armor
37:34 Masonry
38:04 Hand Cart
38:09 Bracer
38:39 Ring Archer Armor
40:30 Conscription
43:25 Fortified Bastions
Connection lost

Rejoining the realm…

Still unreachable

The connection could not be restored.

Session expired

The server has moved on; the page needs a fresh start.